 Dungeon Crawl Stone Soup version 0.31-a0-1308-ga3cce3a448 (webtiles) character file.

Game seed: 10346628058887129321

153 pokeman the Magician (level 5, -5/29 HPs)
             Began as a Deep Elf Hedge Wizard on Dec 19, 2023.
             Was an Initiate of Vehumet.
             Slain by a gnoll
             ... wielding a +2 halberd of protection
              (13 damage)
             ... on level 3 of the Dungeon.
             The game lasted 00:04:03 (2526 turns).

pokeman the Magician (Deep Elf Hedge Wizard)        Turns: 2526, Time: 00:04:04

Health: -5/29      AC:  3    Str:  7    XL:     5   Next: 12%
Magic:  2/15       EV: 13    Int: 21    God:    Vehumet [......]
Gold:   142        SH:  0    Dex: 14    Spells: 8/16 levels left

rFire   . . .        l - +1 flail (drain)
rCold   . . .        (no shield)
rNeg    . . .        b - +0 robe
rPois   .            f - +0 helmet
rElec   .            (no cloak)
rCorr   .            (no gloves)
SInv    +            (no boots)
Will    .....        (no amulet)
Stlth   ++           e - ring of see invisible
HPRegen 0.24/turn    (no ring)
MPRegen 0.14/turn

%: no passive effects
@: very slightly contaminated
A: no striking features
a: Renounce Religion


You were on level 3 of the Dungeon.
You worshipped Vehumet.
Vehumet was noncommittal.
You visited 1 branch of the dungeon, and saw 3 of its levels.

You collected 162 gold pieces.
You spent 20 gold pieces at shops.

Inventory:

Hand Weapons
 l - a +1 flail of draining (weapon)
Armour
 b - a +0 robe (worn)
 f - a +0 helmet (worn)
Jewellery
 e - a ring of see invisible (left hand)
Scrolls
 a - a scroll of fog {unknown}
 g - a scroll of teleportation {unknown}
 h - a scroll of silence {unknown}
 k - a scroll of vulnerability {unknown}
 m - a scroll of identify
Potions
 c - a potion of curing {unknown}
 d - a potion of magic
 i - a potion of brilliance {unknown}
 j - a potion of might {unknown}


   Skills:
 - Level 1.0 Fighting
 - Level 1.0 Armour
 - Level 3.0 Dodging
 - Level 3.1 Stealth
 * Level 6.1 Spellcasting
 + Level 2.5 Conjurations
 - Level 1.1 Summonings
 - Level 1.1 Translocations
 + Level 0.1 Air Magic
 + Level 0.1 Poison Magic


You had 8 spell levels left.
You knew the following spells:

 Your Spells              Type           Power      Damage    Failure   Level
a - Magic Dart            Conj           68%        1d6       3%          1
b - Mephitic Cloud        Conj/Pois/Air  10%        N/A       21%         3
c - Call Imp              Summ           22%        N/A       10%         2
d - Blink                 Tloc           22%        N/A       10%         2

Your spell library contained the following spells:

 Spells                   Type           Power      Damage    Failure   Level
 Slow                     Hex            24%        N/A       10%         1
 Cigotuvi's Dreadful Rot  Necr/Pois/Air  12%        N/A       14%         2
 Wereblood                Tmut           6%         N/A       14%         2
 Irradiate                Conj/Tmut      5%         3d13      85%         5


Dungeon Overview and Level Annotations

Branches:
Dungeon (3/15)

Altars:
Vehumet

Shops:
D:3 ?


Message History

The adder is killed!
Vehumet accepts your kill.
The gnoll throws a throwing net.
The throwing net barely misses you.
Your Dodging skill increases to level 3!
You have reached level 5!
Casting: Mephitic Cloud (quite dangerous; 21% risk of failure)
Confirm with . or Enter, or press ? or * to list all spells.
Aiming: Mephitic Cloud (quite dangerous; 21% risk of failure)
Press: ? - help, Shift-Dir - straight line, f - gnoll
Aim: a gnoll, wielding a +0 flail (severely wounded, chance to affect: 91%)
You miscast Mephitic Cloud.
You are very lightly contaminated with residual magic.
Nothing appears to happen.
The gnoll is engulfed in noxious fumes.
The gnoll appears confused.
Casting: Mephitic Cloud (quite dangerous; 21% risk of failure)
Confirm with . or Enter, or press ? or * to list all spells.
You don't have enough magic to cast this spell.
A gnoll is nearby!
Unknown command.
The gnoll closely misses you.
Things that are here:
a +0 halberd; a +0 club; a gnoll corpse You barely miss the gnoll.
The gnoll is severely wounded.
The gnoll closely misses you.
You closely miss the gnoll.
The gnoll is severely wounded.
The gnoll hits you with a +0 flail!
You hit the gnoll but do no damage.
The gnoll is severely wounded.
The gnoll hits you with a +0 flail!
* * * LOW HITPOINT WARNING * * *
The gnoll hits the gnoll with a +2 halberd of protection.
The gnoll is killed!
Vehumet accepts your kill.
You strike the helpless gnoll from behind!
You hit the gnoll.
The gnoll is severely wounded.
The gnoll hits you with a +2 halberd of protection!
You die...

#.# #.# #.# #.# #.#
#.# #.#
##########.####
#..(....@g....#
...###########...~~
..P~ .P~


gP P You could see a gnoll (confused).

Vanquished Creatures
  6 gnolls (D:3)
  5 adders
  A worm (D:2)
  2 dart slugs
  4 ball pythons
  2 endoplasms
  4 giant cockroaches
  6 goblins (D:1)
  2 hobgoblins (D:1)
  4 jackals (D:1)
  A quokka (D:2)
  3 bats
  3 frilled lizards
  3 rats
46 creatures vanquished.

Notes
Turn   | Place    | Note
-------+----------+-------------------------------------------
     0 | D:1      | pokeman the Deep Elf Hedge Wizard began the quest for the
                  | Orb.
     0 | D:1      | Reached XP level 1. HP: 10/10 MP: 7/7
   213 | D:1      | Reached XP level 2. HP: 15/15 MP: 4/9
   398 | D:1      | Found a faded altar of an unknown god.
   966 | D:1      | Reached skill level 5 in Spellcasting
  1137 | D:2      | Reached XP level 3. HP: 20/20 MP: 6/11
  1141 | D:2      | Learned a level 3 spell: Mephitic Cloud
  1144 | D:2      | Learned a level 2 spell: Call Imp
  1147 | D:2      | Learned a level 2 spell: Blink
  1429 | D:2      | Reached skill level 1 in Fighting
  1429 | D:2      | Reached skill level 1 in Armour
  1672 | D:2      | Found a radiant altar of Vehumet.
  1703 | D:2      | Became a worshipper of Vehumet
  1965 | D:2      | Reached XP level 4. HP: 25/25 MP: 1/13
  2445 | D:3      | Found The Oracle's Delphic Readings.
  2449 | D:3      | Bought a scroll of identify for 20 gold pieces
  2519 | D:3      | Reached skill level 6 in Spellcasting
  2521 | D:3      | Reached XP level 5. HP: 29/29 MP: 4/15
  2526 | D:3      | Slain by a gnoll

Illustrated notes

Levels and vault maps discovered:
D:1:      minmay_arrival_stair_chambers, layout_basic,
          shapermc_ecumenical_altar_mp_highgroup
D:2:      layout_basic, basic_altar, minmay_pentomino_p2
D:3:      layout_loops_corners, serial_bayou, serial_bayou_shore_a,
          serial_bayou_pond_d, serial_bayou_crossing, serial_bayou_shore_b,
          nicolae_nh_oracle_at_delphi

Skill      XL: |  1  2  3  4 |
---------------+-------------+-----
Spellcasting   | 5 6 |  6.1
Fighting       | 1 |  1.0
Armour         | 1 |  1.0
Conjurations   | 2 |  2.5
Stealth        | 3 |  3.1
Dodging        | 3 |  3.0
Summonings     | |  1.1
Translocations | |  1.1
Air Magic      | |  0.1
Poison Magic   | |  0.1

Action                     |  1- 3 |  4- 6 || total
---------------------------+-------+-------++-------
  Melee: Dagger            |    16 |     9 ||    25
         Flail             |       |     8 ||     8
   Cast: Magic Dart        |    95 |    12 ||   107
         Mephitic Cloud    |       |     5 ||     5
   Stab: Sleeping          |     1 |       ||     1
         Confused          |       |     3 ||     3
 Armour: Robe              |    18 |     8 ||    26
  Dodge: Dodged            |    24 |     8 ||    32

Table legend: (Time is in decaauts)
 A = Elapsed time spent in this place.
 B = Non-inter-level travel time spent in this place.
 C = Inter-level travel time spent in this place.
 D = Time resting spent in this place.
 E = Time spent auto-exploring this place.
 F = Levels seen in this place.
 G = Mean time per level.
                   A        B        C        D        E       F      G
               +--------+--------+--------+--------+--------+-----+--------+
         Total |   2532 |   2461 |     71 |      0 |   2181 |   3 |  844.0 |
       Dungeon |   2532 |   2461 |     71 |      0 |   2181 |   3 |  844.0 |
               +--------+--------+--------+--------+--------+-----+--------+

Top non-repeatable levels by time:
     D:1: 1127 daAuts
     D:2: 1054 daAuts
     D:3: 349 daAuts
